DBL
OAKLAND ATHLETICS @ LOS ANGELES DODGERS
05/13/1997
 
TOP OF THE 1ST
Oakland Athletics batting - Pitching for Los Angeles Dodgers : RHP Ugueth Urbina
Pitching: RHP Ugueth Urbina
Batting: RHB Rickey Henderson 0-0: Swinging Strike
0-1: Ball
1-1: Foul Ball, location: 2F
1-2: Foul Ball, location: 2F
1-2: Ball
2-2: Strikes out looking
Batting: LHB John Olerud 0-0: Called Strike
0-1: Foul Ball, location: 2F
0-2: DOUBLE (Line Drive, 78D, EV 109.4 MPH)
Batting: SHB Geronimo Pena 0-0: Ball
1-0: Swinging Strike
1-1: Ball
2-1: Ball
3-1: Base on Balls
Batting: RHB Jay Buhner 0-0: Called Strike
0-1: Ball
1-1: 3-RUN HOME RUN (Flyball, 7D, EV 92.5 MPH), Distance : 378 ft
Batting: LHB David Justice 0-0: SINGLE (Line Drive, 4MD, EV 101.3 MPH)
Batting: RHB Benito Santiago 0-0: Ball
1-0: Ball
2-0: Called Strike
2-1: SINGLE (Groundball, 34D, EV 95.6 MPH)
David Justice to second
Runner from 2nd tries for 3rd, SAFE, no throw by RF
Batting: RHB Herbert Perry 0-0: Called Strike
0-1: SINGLE (Groundball, 56D, EV 97.5 MPH)
David Justice scores
Benito Santiago to second
Batting: SHB Devon White 0-0: Foul Ball, location: 2F
0-1: Ball
1-1: Ball
Benito Santiago steals 3rd, throwing error, E2
Benito Santiago scores
Herbert Perry to third
2-1: Ground out U3 (Groundball, 3L, EV 94.4 MPH)
Batting: RHB Greg Litton 0-0: Ball
1-0: Ball
2-0: Ball
3-0: Called Strike
3-1: Ground out 5-3 (Groundball, 56S, EV 92.5 MPH)
Top of the 1st over - 5 runs, 5 hits, 1 error, 1 left on base; Oakland 5 - Los Angeles 0
BOTTOM OF THE 1ST
Los Angeles Dodgers batting - Pitching for Oakland Athletics : LHP Bobby M Jones
Pitching: LHP Bobby M Jones
Batting: SHB Jason Varitek 0-0: Called Strike
0-1: Ball
1-1: SINGLE (Groundball, 6MD, EV 96.9 MPH)
Batting: LHB Rafael Palmeiro 0-0: Called Strike
0-1: SINGLE (Flyball, 5D, EV 86.9 MPH)
Jason Varitek to second
Batting: LHB Ryan Klesko 0-0: Ball
1-0: Ball
2-0: Ball
3-0: Called Strike
3-1: Base on Balls
Jason Varitek to third
Rafael Palmeiro to second
Batting: RHB Homer Bush 0-0: Swinging Strike
0-1: Ball
1-1: SINGLE (Line Drive, 34D, EV 103.1 MPH)
Jason Varitek scores
Rafael Palmeiro to third
Ryan Klesko to second
Batting: RHB Joe Randa 0-0: Called Strike
0-1: Foul Ball, location: 2F
0-2: Reached on error, E4 (Groundball, 4, EV 88.8 MPH)
Rafael Palmeiro scores
Ryan Klesko to third
Homer Bush to second
Batting: RHB Torii Hunter 0-0: Fly out, F9 (Line Drive, 9, EV 103.8 MPH)
Runner from 3rd tags up, SCORES, throw by RF
Batting: RHB Brian L Hunter 0-0: Ball
1-0: Swinging Strike
1-1: Ball
2-1: Foul Ball, location: 2F
2-2: Fielders Choice at 2nd, 6-4 (Groundball, 6M, EV 91.9 MPH)
Homer Bush to third
Batting: LHB Derrick May 0-0: Foul Ball, location: 2F
0-1: Foul Ball, location: 2F
0-2: Ball
1-2: Foul Ball, location: 2F
1-2: Ball
2-2: Ball
3-2: Foul Ball, location: 2F
3-2: Foul Ball, location: 2F
3-2: Foul Ball, location: 2F
3-2: Ground out 6-3 (Groundball, 6, EV 84.4 MPH)
Bottom of the 1st over - 3 runs, 3 hits, 1 error, 2 left on base; Oakland 5 - Los Angeles 3
TOP OF THE 2ND
Oakland Athletics batting - Pitching for Los Angeles Dodgers : RHP Ugueth Urbina
Batting: RHB Rickey Henderson 0-0: Ball
1-0: Ball
2-0: Called Strike
2-1: Swinging Strike
2-2: Ground out 6-3 (Groundball, 6M, EV 85.6 MPH)
Batting: LHB John Olerud 0-0: Foul Ball, location: 2F
0-1: SOLO HOME RUN (Line Drive, 89XD, EV 105.6 MPH), Distance : 416 ft
Batting: SHB Geronimo Pena 0-0: Ball
1-0: Ball
2-0: Ball
3-0: Swinging Strike
3-1: Base on Balls
Batting: RHB Jay Buhner 0-0: Ball
1-0: Foul Ball, location: 2F
1-1: Ball
2-1: Swinging Strike
2-2: Strikes out swinging
Batting: LHB David Justice 0-0: Called Strike
0-1: Ball
1-1: Foul Ball, location: 2F
1-2: Foul Ball, location: 2F
1-2: Ball
Geronimo Pena steals 2nd base
2-2: Fly out, F9 (Line Drive, 9D, EV 87.5 MPH)
Top of the 2nd over - 1 run, 1 hit, 0 errors, 1 left on base; Oakland 6 - Los Angeles 3
BOTTOM OF THE 2ND
Los Angeles Dodgers batting - Pitching for Oakland Athletics : LHP Bobby M Jones
Batting: SHB Jerry Browne 0-0: Called Strike
0-1: Ball
1-1: Fly out, F8 (Flyball, 89D, EV 103.8 MPH)
Batting: SHB Jason Varitek 0-0: Called Strike
0-1: Ball
1-1: Ball
2-1: Called Strike
2-2: Foul Ball, location: 2F
2-2: Foul Ball, location: 2F
2-2: Foul Ball, location: 2F
2-2: Foul Ball, location: 2F
2-2: DOUBLE (Line Drive, 89M, EV 104.4 MPH)
Batting: LHB Rafael Palmeiro 0-0: Ball
1-0: Foul Ball, location: 2F
1-1: Swinging Strike
1-2: Fly out, F8 (Flyball, 8LM, EV 91.3 MPH)
Batting: LHB Ryan Klesko 0-0: Foul Ball, location: 2F
0-1: Swinging Strike
0-2: Fly out, F7 (Line Drive, 7D, EV 98.1 MPH)
Bottom of the 2nd over - 0 runs, 1 hit, 0 errors, 1 left on base; Oakland 6 - Los Angeles 3
TOP OF THE 3RD
Oakland Athletics batting - Pitching for Los Angeles Dodgers : RHP Ugueth Urbina
Batting: RHB Benito Santiago 0-0: Foul Ball, location: 2F
0-1: Ball
1-1: SINGLE (Line Drive, 8RS, EV 93.8 MPH)
Batting: RHB Herbert Perry 0-0: Foul Ball, location: 2F
0-1: Ball
1-1: Foul Ball, location: 2F
1-2: Strikes out swinging
Batting: SHB Devon White 0-0: Ball
1-0: Ball
2-0: Called Strike
2-1: Reached on error, E9 (Flyball, 9, EV 93.8 MPH)
Benito Santiago to second
Batting: RHB Greg Litton 0-0: Called Strike
Benito Santiago is caught stealing 3rd base 2-5
Devon White to second
0-1: Ball
1-1: Ground out U3 (Groundball, 3, EV 98.8 MPH)
Top of the 3rd over - 0 runs, 1 hit, 1 error, 1 left on base; Oakland 6 - Los Angeles 3
BOTTOM OF THE 3RD
Los Angeles Dodgers batting - Pitching for Oakland Athletics : LHP Bobby M Jones
Batting: RHB Homer Bush 0-0: Ball
1-0: Called Strike
1-1: Ball
2-1: Swinging Strike
2-2: Ball
3-2: Fly out, F8 (Line Drive, 8LM, EV 96.9 MPH)
Batting: RHB Joe Randa 0-0: Ball
1-0: Swinging Strike
1-1: Ball
2-1: Ball
3-1: Base on Balls
Batting: RHB Torii Hunter 0-0: Called Strike
0-1: Fly out, F6 (Flyball, 6D, EV 74.4 MPH)
Batting: RHB Brian L Hunter 0-0: Called Strike
0-1: Swinging Strike
0-2: Foul Ball, location: 9LSF, Error on foul ball, E9
0-2: Ground out 1-3 (Groundball, 34S, EV 84.4 MPH)
Bottom of the 3rd over - 0 runs, 0 hits, 1 error, 1 left on base; Oakland 6 - Los Angeles 3
TOP OF THE 4TH
Oakland Athletics batting - Pitching for Los Angeles Dodgers : RHP Ugueth Urbina
Batting: RHB Rickey Henderson 0-0: Called Strike
0-1: Ball
1-1: Foul Ball, location: 2F
1-2: Foul Ball, location: 2F
1-2: Strikes out swinging
Batting: LHB John Olerud 0-0: Ball
1-0: Fly out, F5 (Popup, 56, EV 75.0 MPH)
Batting: SHB Geronimo Pena 0-0: Ball
1-0: Ground out 6-3 (Groundball, 6, EV 84.4 MPH)
Top of the 4th over - 0 runs, 0 hits, 0 errors, 0 left on base; Oakland 6 - Los Angeles 3
BOTTOM OF THE 4TH
Los Angeles Dodgers batting - Pitching for Oakland Athletics : LHP Bobby M Jones
Batting: LHB Derrick May 0-0: Ball
1-0: Ball
2-0: Ball
3-0: Called Strike
3-1: Base on Balls
Batting: SHB Jerry Browne 0-0: Ball
1-0: Bunted foul
1-1: Bunt missed!
1-2: Ground out 4-3 (Groundball, 4MD, EV 108.1 MPH)
Derrick May to second
Batting: SHB Jason Varitek 0-0: Called Strike
0-1: Ball
1-1: Ball
2-1: Foul Ball, location: 2F
2-2: Foul Ball, location: 2F
2-2: Foul Ball, location: 2F
2-2: Foul Ball, location: 2F
2-2: Strikes out looking
Batting: LHB Rafael Palmeiro 0-0: Ball
1-0: Ball
2-0: Foul Ball, location: 2F
2-1: Ball
3-1: Fly out, F8 (Flyball, 8RM, EV 95.0 MPH)
Bottom of the 4th over - 0 runs, 0 hits, 0 errors, 1 left on base; Oakland 6 - Los Angeles 3
TOP OF THE 5TH
Oakland Athletics batting - Pitching for Los Angeles Dodgers : RHP Ugueth Urbina
Batting: RHB Jay Buhner 0-0: SOLO HOME RUN (Flyball, 7D, EV 105.0 MPH), Distance : 393 ft
Pitching: LHP Bill Pulsipher
Batting: LHB David Justice 0-0: Ball
1-0: Foul Ball, location: 2F
1-1: Fly out, F8 (Line Drive, 8LD, EV 91.9 MPH)
Batting: RHB Benito Santiago 0-0: Ball
1-0: Ground out 1-3 (Groundball, P, EV 64.4 MPH)
Batting: RHB Herbert Perry 0-0: Called Strike
0-1: DOUBLE (Line Drive, 5D, EV 97.5 MPH)
Batting: SHB Devon White 0-0: Foul Ball, location: 2F
0-1: Called Strike
0-2: Strikes out swinging
Top of the 5th over - 1 run, 2 hits, 0 errors, 1 left on base; Oakland 7 - Los Angeles 3
BOTTOM OF THE 5TH
Los Angeles Dodgers batting - Pitching for Oakland Athletics : LHP Bobby M Jones
Batting: LHB Ryan Klesko 0-0: Called Strike
0-1: Called Strike
0-2: Ground out 4-3 (Groundball, 4M, EV 81.3 MPH)
Batting: RHB Homer Bush 0-0: Called Strike
0-1: Foul Ball, location: 2F
0-2: Foul Ball, location: 9LSF, Error on foul ball, E9
0-2: Ball
1-2: Ground out 6-3 (Groundball, 6, EV 101.9 MPH)
Batting: RHB Joe Randa 0-0: Called Strike
0-1: Foul Ball, location: 2F
0-2: Ball
1-2: SINGLE (Line Drive, 8RM, EV 95.0 MPH)
Batting: RHB Torii Hunter 0-0: Called Strike
0-1: Swinging Strike
0-2: Ground out 5-3 (Groundball, 56S, EV 86.9 MPH)
Bottom of the 5th over - 0 runs, 1 hit, 1 error, 1 left on base; Oakland 7 - Los Angeles 3
TOP OF THE 6TH
Oakland Athletics batting - Pitching for Los Angeles Dodgers : LHP Bill Pulsipher
Batting: RHB Greg Litton 0-0: Swinging Strike
0-1: Swinging Strike
0-2: Ball
1-2: Ball
2-2: Strikes out swinging
Batting: RHB Rickey Henderson 0-0: Foul Ball, location: 2F
0-1: Foul Ball, location: 2F
0-2: Ball
1-2: Foul Ball, location: 2F
1-2: Ball
2-2: Ball
3-2: Fly out, F9 (Line Drive, 9D, EV 91.3 MPH)
Batting: LHB John Olerud 0-0: Ball
1-0: Fly out, F9 (Flyball, 89M, EV 79.4 MPH)
Top of the 6th over - 0 runs, 0 hits, 0 errors, 0 left on base; Oakland 7 - Los Angeles 3
BOTTOM OF THE 6TH
Los Angeles Dodgers batting - Pitching for Oakland Athletics : LHP Bobby M Jones
Batting: RHB Brian L Hunter 0-0: Ball
1-0: Ball
2-0: Ball
3-0: Base on Balls
Pitching: RHP William VanLandingham
Batting: LHB Derrick May 0-0: Foul Ball, location: 2F
0-1: Ball
1-1: Swinging Strike
1-2: Foul Ball, location: 2F
1-2: Ball
2-2: Ball
3-2: SINGLE (Line Drive, 34D, EV 98.8 MPH)
Brian L Hunter to second
Brian L Hunter to third
Batting: SHB Jerry Browne 0-0: Called Strike
0-1: Foul Ball, location: 2F
0-2: Ball
1-2: Fielders Choice at 2nd, 4-6 (Groundball, 4M, EV 100.6 MPH)
Brian L Hunter scores
Batting: SHB Jason Varitek 0-0: Called Strike
Jerry Browne is caught stealing 2nd base 2-6
0-1: Foul Ball, location: 2F
0-2: Ball
1-2: Strikes out swinging
Bottom of the 6th over - 1 run, 1 hit, 0 errors, 0 left on base; Oakland 7 - Los Angeles 4
TOP OF THE 7TH
Oakland Athletics batting - Pitching for Los Angeles Dodgers : LHP Bill Pulsipher
Batting: SHB Geronimo Pena 0-0: Foul Ball, location: 2F
0-1: Ball
1-1: Ball
2-1: Called Strike
2-2: Ball
3-2: Foul Ball, location: 2F
3-2: Strikes out swinging
Batting: RHB Jay Buhner 0-0: Ball
1-0: Ball
2-0: Foul Ball, location: 2F
2-1: Called Strike
2-2: Foul Ball, location: 2F
2-2: Foul Ball, location: 2F
2-2: SINGLE (Groundball, 56D, EV 100.6 MPH)
Pitching: LHP Lance Painter
Batting: LHB David Justice 0-0: Called Strike
0-1: Foul Ball, location: 2F
0-2: Foul Ball, location: 2F
0-2: Foul Ball, location: 2F
0-2: Fielders Choice at 2nd, 1-6 (Groundball, 34S, EV 72.5 MPH)
Batting: RHB Benito Santiago 0-0: Ball
1-0: Called Strike
1-1: Ball
2-1: Foul Ball, location: 2F
2-2: Ball
David Justice is caught stealing 2nd base 2-4
Top of the 7th over - 0 runs, 1 hit, 0 errors, 0 left on base; Oakland 7 - Los Angeles 4
BOTTOM OF THE 7TH
Los Angeles Dodgers batting - Pitching for Oakland Athletics : RHP William VanLandingham
Batting: LHB Rafael Palmeiro 0-0: SINGLE (Line Drive, 7S, EV 103.1 MPH)
Batting: LHB Ryan Klesko 0-0: Called Strike
0-1: Ball
1-1: Ball
2-1: Ball
3-1: Foul Ball, location: 2F
3-2: Foul Ball, location: 2F
3-2: Foul Ball, location: 2F
3-2: Base on Balls
Rafael Palmeiro to second
Batting: RHB Homer Bush 0-0: Bunt missed!
0-1: Bunt missed!
0-2: Ball
1-2: Fielders Choice at 2nd, 1-6 (Groundball, 13, EV 60.0 MPH)
Rafael Palmeiro to third
Batting: RHB Joe Randa 0-0: Swinging Strike
0-1: Ball
1-1: Ball
2-1: Ball
3-1: Swinging Strike
3-2: Strikes out swinging
Batting: RHB Torii Hunter 0-0: Called Strike
0-1: Ball
1-1: Ball
2-1: Foul Ball, location: 2F
2-2: Foul Ball, location: 2F
2-2: Ground out 4-3 (Groundball, 4, EV 85.0 MPH)
Bottom of the 7th over - 0 runs, 1 hit, 0 errors, 2 left on base; Oakland 7 - Los Angeles 4
TOP OF THE 8TH
Oakland Athletics batting - Pitching for Los Angeles Dodgers : LHP Lance Painter
Batting: RHB Benito Santiago 0-0: Called Strike
0-1: Ball
1-1: Called Strike
1-2: Foul Ball, location: 2F
1-2: Foul Ball, location: 2F
1-2: Strikes out swinging
Batting: RHB Herbert Perry 0-0: SINGLE (Line Drive, 34, EV 98.1 MPH)
Batting: SHB Devon White 0-0: Called Strike
0-1: Called Strike
0-2: Strikes out swinging
Batting: RHB Greg Litton 0-0: Swinging Strike
0-1: Swinging Strike
0-2: Ball
1-2: Ball
2-2: Strikes out swinging
Top of the 8th over - 0 runs, 1 hit, 0 errors, 1 left on base; Oakland 7 - Los Angeles 4
BOTTOM OF THE 8TH
Los Angeles Dodgers batting - Pitching for Oakland Athletics : RHP William VanLandingham
Batting: RHB Brian L Hunter 0-0: Called Strike
0-1: Foul Ball, location: 2F
0-2: Ball
1-2: SINGLE (Groundball, 3D, EV 95.6 MPH)
Batting: LHB Derrick May 0-0: Ball
1-0: Fly out, F6 (Popup, 56D, EV 67.5 MPH)
Batting: SHB Jerry Browne 0-0: Called Strike
0-1: Ball
1-1: Fly out, F8 (Flyball, 89D, EV 111.3 MPH)
Batting: SHB Jason Varitek 0-0: Ground out 4-3 (Groundball, 4, EV 78.8 MPH)
Bottom of the 8th over - 0 runs, 1 hit, 0 errors, 1 left on base; Oakland 7 - Los Angeles 4
TOP OF THE 9TH
Oakland Athletics batting - Pitching for Los Angeles Dodgers : LHP Lance Painter
Batting: RHB Rickey Henderson 0-0: Fly out, F9 (Flyball, 9, EV 84.4 MPH)
Batting: LHB John Olerud 0-0: Foul Ball, location: 2F
0-1: Called Strike
0-2: Ball
1-2: Ball
2-2: Strikes out swinging
Batting: SHB Geronimo Pena 0-0: Called Strike
0-1: Ball
1-1: Fly out, F8 (Flyball, 89M, EV 93.8 MPH)
Top of the 9th over - 0 runs, 0 hits, 0 errors, 0 left on base; Oakland 7 - Los Angeles 4
BOTTOM OF THE 9TH
Los Angeles Dodgers batting - Pitching for Oakland Athletics : RHP William VanLandingham
Pitching: RHP Jason Bere
Batting: LHB Rafael Palmeiro 0-0: Ball
1-0: Called Strike
1-1: Foul Ball, location: 2F
1-2: Strikes out swinging
Batting: LHB Ryan Klesko 0-0: Ball
1-0: Ball
2-0: Ball
3-0: Base on Balls
Batting: RHB Homer Bush 0-0: Ground out 6-3 (Groundball, 4MS, EV 66.9 MPH)
Ryan Klesko to second
Batting: RHB Joe Randa 0-0: Ball
1-0: Ball
2-0: Ball
3-0: Base on Balls
Batting: RHB Torii Hunter 0-0: Ball
1-0: Foul Ball, location: 2F
1-1: Fly out, F6 (Popup, 6MS, EV 57.5 MPH)
Bottom of the 9th over - 0 runs, 0 hits, 0 errors, 2 left on base; Oakland 7 - Los Angeles 4
Monday, February 9th, 2026 - OOTP Baseball 20.8 Build 74